 Dungeon Crawl Stone Soup version 0.18-a0-1126-ga2d7f46 (webtiles) character file.

1390 st0uf the Ruffian (level 8, -2/63 HPs)
             Began as a Black Draconian Transmuter on Jan 20, 2016.
             Was a Follower of Makhleb.
             Killed from afar by an electric eel (9 damage)
             ... with a bolt of electricity
             ... on level 7 of the Dungeon.
             The game lasted 00:24:13 (5792 turns).

st0uf the Ruffian (Black Draconian Transmuter)      Turns: 5792, Time: 00:24:13

Health: -2/63      AC:  2    Str: 14    XL:     8   Next: 40%
Magic:  7/13       EV: 23    Int: 13    God:    Makhleb [*.....]
Gold:   348        SH:  0    Dex: 18    Spells: 4 memorised, 3 levels left

rFire  . . .     SeeInvis .       - Unarmed
rCold  . . .     Gourm    .     (armour unavailable)
rNeg   . . .     Faith    .     (shield currently unavailable)
rPois  x         Spirit   .     (helmet currently unavailable)
rElec  .         Dismiss  .     (cloak currently unavailable)
rCorr  .         Reflect  .     (gloves currently unavailable)
SustAt .         Harm     .     (boots currently unavailable)
MR     .....                    (no amulet)
Stlth  ++........               (no ring)
                                (no ring)

@: spider-form, not resistant to hostile enchantments, unstealthy
A: (breathe lightning), unfitting armour, (electricity resistance),
(cold-blooded), AC +6
a: End Transformation, Renounce Religion


You were on level 7 of the Dungeon.
You worshipped Makhleb.
Makhleb was aware of your devotion.
You were not hungry.
You were a venomous arachnid creature.
You visited 2 branches of the dungeon, and saw 8 of its levels.

You collected 348 gold pieces.

Inventory:

Missiles
 a - 41 arrows
Armour
 p - a +2 hat (melded)
 x - the +2 pair of boots "Bysuenih" (melded) {Int+6 SInv}
   (You found it on level 5 of the Dungeon)

   It affects your intelligence (+6).
   It lets you see invisible.
Wands
 k - a wand of draining (5/15)
 u - a wand of confusion (24/48)
Scrolls
 e - 6 scrolls of remove curse {unknown}
 f - 2 scrolls of blinking {unknown}
 g - a scroll of enchant armour {unknown}
 h - 5 scrolls of amnesia {unknown}
 i - a scroll of random uselessness {unknown}
 j - 3 scrolls of teleportation {unknown}
 m - a scroll of identify {unknown}
 s - a scroll of recharging {unknown}
 t - a scroll of brand weapon {unknown}
 w - a scroll of noise {unknown}
 y - a scroll of immolation {unknown}
 B - a scroll of fear {unknown}
Potions
 l - 2 potions of cure mutation {unknown}
 n - 3 potions of heal wounds {unknown}
 o - a potion of lignification {unknown}
 r - a potion of brilliance {unknown}
 v - a potion of curing
 z - a potion of cancellation {unknown}
Books
 b - a book of Changes

   Spells                             Type                      Level
   a - Beastly Appendage              Transmutation                1
   b - Sticks to Snakes               Transmutation                2
   c - Spider Form                    Transmutation/Poison         3
   d - Ice Form                       Ice/Transmutation            4
   e - Blade Hands                    Transmutation                5
 C - a book of Geomancy

   Spells                             Type                      Level
   a - Sandblast                      Earth                        1
   b - Stoneskin                      Transmutation/Earth          2
   c - Passwall                       Transmutation/Earth          3
   d - Stone Arrow                    Conjuration/Earth            3
   e - Petrify                        Transmutation/Earth          4
   f - Lee's Rapid Deconstruction     Earth                        5
Comestibles
 c - 3 bread rations
 d - 2 beef jerkies
 q - 3 fruits
 A - 5 chunks of flesh


   Skills:
 + Level 3.0 Fighting
 + Level 4.4 Dodging
 * Level 6.1 Unarmed Combat
 + Level 3.8 Spellcasting
 * Level 6.0 Transmutations
 + Level 1.5 Poison Magic


You had 3 spell levels left.
You knew the following spells:

 Your Spells              Type           Power        Failure   Level  Hunger
a - Beastly Appendage     Trmt           ###...       8%          1    #......
b - Sticks to Snakes      Trmt           ###.....     12%         2    ##.....
c - Spider Form           Trmt/Pois      ##........   32%         3    ###....
d - Blade Hands           Trmt           ###.......   82%         5    ######.


Dungeon Overview and Level Annotations

Branches:
Dungeon (7/15)             Temple (1/1) D:6

Altars:
Ashenzari
Cheibriados
Dithmenos
Elyvilon
Fedhas
Gozag
Kikubaaqudgha
Makhleb
Nemelex Xobeh
Okawaru
Qazlal
Sif Muna
Trog
Vehumet
Xom
Yredelemnul
Zin
The Shining One


Innate Abilities, Weirdness & Mutations

((You can breathe wild blasts of lightning.))
((Your glossy black scales are hard (AC +6).))
Your body does not fit into most forms of armour.
((You are resistant to electric shocks.))
((You are cold-blooded and may be slowed by cold attacks.))


Message History

The electric eel shoots out a bolt of lightning at you!
The bolt of electricity hits your ball python.
Your ball python dies!
The bolt of electricity hits you!
* * * LOW HITPOINT WARNING * * *
The bolt of electricity hits your ball python.
Your ball python dies!
The cyclops closely misses you.
There is a large open door here.
You hit the cyclops.
The cyclops is poisoned.
The cyclops is lightly wounded.
The cyclops completely misses you.
The electric eel shoots out a bolt of lightning at you!
The bolt of electricity misses you. The bolt of electricity hits you!
* * * LOW HITPOINT WARNING * * *
You hit the cyclops but do no damage.
The cyclops is lightly wounded.
The electric eel shoots out a bolt of lightning at you!
The bolt of electricity hits you!
You die...

≈≈≈## #.# #.#
≈;≈≈≈≈≈≈####.###.#
≈≈≈≈≈≈;≈≈##......#
≈≈≈≈≈≈≈≈≈≈##.#####
≈≈≈≈≈≈≈≈≈≈≈#.#
≈≈≈≈≈≈≈≈≈≈≈#.#
#..#≈≈≈≈≈≈;#.######
#........†......#
#......(Cs.####.#
#..#≈≈≈≈≈≈≈#.#
≈≈≈≈≈≈≈≈≈≈≈#.#
≈≈≈≈≈≈≈≈≈≈≈#.#
≈≈≈≈≈≈≈≈≈≈##.#
≈≈≈≈≈≈≈≈≈#####
≈≈≈≈≈≈≈≈##
≈≈≈≈≈≈≈##


You could see a cyclops and 2 electric eels.

Vanquished Creatures
  Sigmund (D:4)
  Edmund (D:6)
  A water moccasin (D:6)
  3 ice beasts
  An orc warrior (D:6)
  2 giant frogs (D:6)
  A scorpion (D:4)
  An electric eel (D:7)
  A crimson imp (D:5)
  A giant frog zombie (D:5)
  A hound (D:5)
  A jelly (D:5)
  2 orc wizards (D:6)
  2 iguanas
  A worker ant (D:5)
  A hound skeleton (D:7)
  3 gnolls (D:5)
  5 adders
  A shadow imp (D:6)
  An ooze (D:3)
  An adder skeleton (D:7)
  2 worms
  2 giant geckos
  18 orcs
  2 bats
  4 goblins
  A hobgoblin (D:1)
  14 jackals
  5 kobolds
  A quokka (D:7)
  A ball python skeleton (D:5)
  4 giant newts
  3 rats
89 creatures vanquished.

Vanquished Creatures (others)
  An adder zombie (D:7)
  4 toadstools (D:1)
5 creatures vanquished.

Grand Total: 94 creatures vanquished

Notes
Turn   | Place    | Note
--------------------------------------------------------------
     0 | D:1      | st0uf the Draconian Transmuter began the quest for the Orb.
     0 | D:1      | Reached XP level 1. HP: 16/16 MP: 3/3
   129 | D:1      | Reached XP level 2. HP: 11/23 MP: 3/5
   811 | D:3      | Found a bloodstained altar of Trog.
   866 | D:3      | Reached XP level 3. HP: 6/28 MP: 4/6
  1621 | D:4      | Noticed Sigmund
  1637 | D:3      | Learned a level 2 spell: Sticks to Snakes
  1641 | D:3      | Learned a level 3 spell: Spider Form
  2029 | D:4      | Killed Sigmund
  2029 | D:4      | Reached skill level 4 in Unarmed Combat
  2029 | D:4      | Reached XP level 4. HP: 27/36 MP: 3/8
  2029 | D:4      | Reached XP level 5. HP: 30/41 MP: 3/9
  2154 | D:4      | Reached XP level 6. HP: 48/48 MP: 4/10
  2296 | D:5      | Entered Level 5 of the Dungeon
  3217 | D:5      | Noticed an ice beast
  3259 | D:5      | Noticed an ice beast
  3276 | D:5      | Killed an ice beast
  3276 | D:5      | Reached XP level 7. HP: 33/56 MP: 5/11
  3276 | D:5      | Your scales start taking on a glossy black colour.
  3276 | D:5      | Gained mutation: You are resistant to electric shocks. [Black Draconian growth]
  3322 | D:5      | Reached skill level 5 in Unarmed Combat
  3913 | D:5      | Got a pair of dazzling boots
  3919 | D:5      | Identified the +2 pair of boots "Bysuenih" {Int+6 SInv} (You found it on level 5 of the Dungeon)
  4051 | D:6      | Reached skill level 5 in Transmutations
  4382 | D:6      | Found a staircase to the Ecumenical Temple.
  4388 | Temple   | Entered the Ecumenical Temple
  4439 | Temple   | Became a worshipper of Makhleb the Destroyer
  4471 | D:6      | Reached skill level 1 in Poison Magic
  4736 | D:6      | Reached XP level 8. HP: 19/62 MP: 11/13
  4921 | D:6      | Noticed Edmund
  5461 | D:6      | Killed Edmund
  5461 | D:6      | Reached skill level 6 in Unarmed Combat
  5571 | D:6      | Learned a level 5 spell: Blade Hands
  5772 | D:7      | Reached * piety under Makhleb
  5774 | D:7      | Noticed a cyclops
  5792 | D:7      | Killed from afar by an electric eel

Vault maps used:
D:1:      ldierk_walled_garden_2, due_unseen_surprise
D:3:      small_statue_intersection, st_stairs_13, glass_columns_a, trog_book
D:4:      uniq_grinder, uniq_sigmund
D:5:      first_bread
D:6:      temple_green, hangedman_decor_slide_cut, uniq_edmund
D:7:      kennysheep_big_flooded_room, nicolae_ru_awakened_eye
Temple:   grunt_circular_temple_18

Action                   |  1- 3 |  4- 6 |  7- 9 || total
-------------------------+-------+-------+-------++-------
Melee: Unarmed           |   138 |   108 |   143 ||   389
 Cast: Beastly Appendage |    22 |     8 |     5 ||    35
       Spider Form       |     2 |     8 |    14 ||    24
       Sticks to Snakes  |       |       |     7 ||     7
 Abil: Breathe Lightning |       |       |     2 ||     2
  Use: Potion            |     1 |       |       ||     1
 Stab: Sleeping          |       |     1 |     1 ||     2
  Eat: Chunk             |     4 |     6 |    10 ||    20
